 Dungeon Crawl Stone Soup version 0.29-a0-559-g359e09b9d1 (webtiles) character file.

Game seed: 6452355744659541360

85 zeratav the Stinger (level 4, -7/27 HPs)
             Began as an Octopode Venom Mage on June 9, 2022.
             Was an Initiate of Vehumet.
             Mangled by an ogre
             ... wielding a +0 giant club
              (18 damage)
             ... on level 3 of the Dungeon.
             The game lasted 00:02:47 (1729 turns).

zeratav the Stinger (Octopode Venom Mage)           Turns: 1729, Time: 00:02:47

Health: -7/27      AC:  1    Str:  9    XL:     4   Next: 48%
Magic:  7/8        EV: 13    Int: 19    God:    Vehumet [......]
Gold:   117        SH:  0    Dex: 12    Spells: 7/8 levels left

rFire   . . .      SeeInvis .   b - +2 short sword (drain) {short}
rCold   . . .      Faith    .   (no shield)
rNeg    . . .      Spirit   .   (helmet restricted)
rPois   .          Reflect  .   (no amulet)
rElec   .          Harm     .   (no ring)
rCorr   .          Rampage  .   (no ring)
Will    .....                   (no ring)
Stlth   +++.......              (no ring)
HPRegen 0.09/turn               (no ring)
MPRegen 0.11/turn               (no ring)
                                (no ring)
                                (no ring)

@: no status effects
A: almost no armour, amphibious, 8 rings, camouflage 1, gelatinous body 1,
(nimble swimmer 1), tentacles, strong 1, noise suppression
a: Renounce Religion


You were on level 3 of the Dungeon.
You worshipped Vehumet.
Vehumet was noncommittal.
You visited 1 branch of the dungeon, and saw 3 of its levels.

You collected 117 gold pieces.


Innate Abilities, Weirdness & Mutations

You cannot wear most types of armour.
You are amphibious.
You can wear up to eight rings at the same time.
Your skin changes colour to match your surroundings (Stealth+).
Your rubbery body absorbs attacks. (AC +1, EV +1)
((You are camouflaged when in or above water. (Stealth+)))
You have tentacles for arms and can constrict up to eight enemies at once.
Your muscles are strong. (Str +2)
You passively dampen the noise of your surroundings.


   Skills:
 - Level 2.0 Dodging
 - Level 2.6 Stealth
 + Level 2.8 Spellcasting
 - Level 1.0 Transmutations
 * Level 5.5 Poison Magic


You had 7 spell levels left.
You knew the following spells:

 Your Spells              Type           Power      Damage    Failure   Level
a - Sting                 Tmut/Pois      60%        1d6       4%          1

Your spell library contained the following spells:

 Spells                   Type           Power      Damage    Failure   Level
 Poisonous Vapours        Pois/Air       26%        N/A       8%          2
 Beastly Appendage        Tmut           12%        N/A       11%         1
 Spider Form              Tmut/Pois      15%        N/A       12%         3
 Wereblood                Tmut           6%         N/A       16%         2
 Olgreb's Toxic Radiance  Pois           23%        N/A       16%         4
 Mephitic Cloud           Conj/Pois/Air  9%         N/A       22%         3

Inventory:

Hand Weapons
 b - a +2 short sword of draining (weapon) {short}
   (You found it on level 1 of the Dungeon)
Scrolls
 c - 4 scrolls of identify {unknown}
 d - 3 scrolls of magic mapping {unknown}
 i - 2 scrolls of poison {unknown}
 m - a scroll of summoning {unknown}
Potions
 a - a potion of magic
 e - a potion of heal wounds {unknown}
 f - a potion of brilliance {unknown}
 g - a potion of flight {unknown}
 h - a potion of mutation {!q}
 j - a potion of cancellation {unknown}
 k - a potion of might {unknown}
 l - a potion of degeneration {unknown}

Dungeon Overview and Level Annotations

Branches:
Dungeon (3/15)

Altars:
Vehumet

######..###.###.###..
#.#...
#....#.#...#....
##.#...
#..###.###.###..
.......
##..............
.......
#.............#
.......
#.###.###.###.#
....?..###.# ..# #.#
.......)...#.#. ##
#.# #....h@.........
..# ..#....O.......##
... ⌠..#...........#
### .⌠ #..#........#
#..#.....####
#...#.##..# ### ..#
..# #.. ...


You could see an ogre (poisoned, drained) and a hound.


Message History

The ball python hisses angrily.
You hit the rat but do no damage. Your grab misses the rat.
The rat barely misses you.
You hit the rat. You drain the rat.
You kill the rat!
Vehumet accepts your kill. The ball python barely misses you.
The ball python grabs you. The ball python constricts you.
HP[-1]
You take 1 damage, and now have 26/27 hp.
You closely miss the ball python. You grab the ball python.
You squeeze the ball python.
You kill the ball python!
Vehumet accepts your kill.
No target in view!
No target in view!
No target in view!
No target in view!
No target in view!
No target in view!
No target in view!
No target in view!
No target in view!
No target in view!
No target in view!
No target in view!
No target in view!
No target in view!
No target in view!
No target in view!
No target in view!
i - 2 scrolls labelled GOXUDIT GAFRIT (gained 1)
m - a scroll labelled GUUM FABBE HP[+1]
Your hp is fully restored (27).
A quokka comes into view.
A quokka is nearby!
A quokka is nearby!
A goblin and an orc come into view.
The orc shouts!
You hear a bark!
You hear a shout!
The quokka bites you but does no damage.
You hit the quokka.
You kill the quokka!
Vehumet accepts your kill.
A hound comes into view.
An ogre comes into view. It is wielding a +0 giant club.
The orc hits you with a +0 hand axe.
HP[-6]
You take 6 damage, and now have 21/27 hp.
MASSIVE DAMAGE!! (PAUSE)
The ogre shouts!
The hound barks!
You hit the orc. You drain the orc.
You kill the orc!
Vehumet accepts your kill.
You hit the goblin. You drain the goblin.
You kill the goblin!
Vehumet accepts your kill. The hound misses you.
You barely miss the ogre. The hound bites you. The ogre closely misses you.
HP[-5]
You take 5 damage, and now have 16/27 hp.
You are too injured to fight recklessly!
You are too injured to fight recklessly!
You are too injured to fight recklessly!
You are too injured to fight recklessly!
You are too injured to fight recklessly!
You are too injured to fight recklessly!
You are too injured to fight recklessly!
You are too injured to fight recklessly!
You are too injured to fight recklessly!
You are too injured to fight recklessly!
You are too injured to fight recklessly!
You are too injured to fight recklessly!
You are too injured to fight recklessly!
You are too injured to fight recklessly!
You are too injured to fight recklessly!
Casting: Sting (safe; 4% risk of failure)
Confirm with . or Enter, or press ? or * to list all spells.
Aiming: Sting (safe; 4% risk of failure)
Press: ? - help, Shift-Dir - straight line, f - ogre
Aim: an ogre, wielding a +0 giant club (88% to hit)
The sting hits the ogre but does no damage.
The ogre is poisoned.
The hound bites you.
* * * LOW HITPOINT WARNING * * *
The hound closely misses you. The ogre barely misses you.
HP[-5] MP[-1]
You take 5 damage, and now have 11/27 hp.
You lost 1 mp, and now have 7/8 mp.
Casting: Sting (safe; 4% risk of failure)
Confirm with . or Enter, or press ? or * to list all spells.
You don't know that spell.
It was a potion of mutation.
You feel extremely strange.
You feel stronger.
You feel your surroundings grow quieter.
The hound closely misses you.
You hit the ogre. You drain the ogre. You squeeze the ogre, but do no damage.
The hound barely misses you.
The ogre hits you with a +0 giant club!!
Ouch! That really hurt!
You die...

Skill      XL: |  1  2  3 |
---------------+----------+-----
Poison Magic   | 4 5 |  5.5
Dodging        | |  2.0
Stealth        | |  2.6
Spellcasting   | |  2.8
Transmutations | |  1.0

Action                   |  1- 3 |  4- 6 || total
-------------------------+-------+-------++-------
Melee: Short sword       |    55 |    22 ||    77
       Tentacles         |     8 |     4 ||    12
       Constrict         |     8 |     5 ||    13
 Cast: Sting             |     3 |     2 ||     5
  Use: Potion            |       |     1 ||     1
 Stab: Sleeping          |     9 |     1 ||    10
Armor: Skin              |     6 |     2 ||     8
Dodge: Dodged            |    33 |    21 ||    54

Levels and vault maps discovered:
D:1:      heliophobic_arrival_enchanted_forest, layout_rooms
D:2:      layout_basic, basic_altar
D:3:      layout_basic, shapermc_ecumenical_altar_venn,
          minmay_misc_feat_nine_boxes, hangedman_decor_push, uniq_ijyb

Notes
Turn   | Place    | Note
-------+----------+-------------------------------------------
     0 | D:1      | zeratav the Octopode Venom Mage began the quest for the
                  | Orb.
     0 | D:1      | Reached XP level 1. HP: 11/11 MP: 3/3
     0 | D:1      | magus.rc [v1.9.6]
    69 | D:1      | Reached skill level 4 in Poison Magic
   285 | D:1      | Reached XP level 2. HP: 16/17 MP: 5/5
   620 | D:1      | You pick up a book of Changes and begin reading...
   620 | D:1      | You add the spells Beastly Appendage, Wereblood and Spider
                  | Form to your library.
   656 | D:1      | Reached XP level 3. HP: 21/21 MP: 6/6
   903 | D:2      | Found a radiant altar of Vehumet.
   994 | D:2      | Reached skill level 5 in Poison Magic
  1025 | D:2      | Became a worshipper of Vehumet
  1145 | D:2      | Reached XP level 4. HP: 24/27 MP: 6/8
  1722 | D:3      | Noticed an ogre
  1728 | D:3      | Gained mutation: Your muscles are strong. (Str +2) [potion
                  | of mutation]
  1728 | D:3      | Gained mutation: You passively dampen the noise of your
                  | surroundings. [potion of mutation]
  1729 | D:3      | Mangled by an ogre

Vanquished Creatures
  4 adders (D:2)
  An orc (D:3)
  3 endoplasms (D:1)
  5 goblins
  4 hobgoblins
  7 quokkas
  5 ball pythons
  6 bats
  5 frilled lizards
  A kobold (D:2)
  7 rats
48 creatures vanquished.

Table legend:
 A = Non-vault XP
 B = Vault XP
 C = Vault XP percentage of total XP
 D = Non-vault monster count
 E = Vault monster count
 F = Vault count percentage of total count
                 A         B        C        D         E       F
            +---------+---------+-------+---------+---------+-------
      Total |     122 |       0 |   0.0 |      48 |       0 |   0.0
            +---------+---------+-------+---------+---------+-------
        D:1 |      40 |       0 |   0.0 |      25 |       0 |   0.0
        D:2 |      71 |       0 |   0.0 |      17 |       0 |   0.0
        D:3 |      11 |       0 |   0.0 |       6 |       0 |   0.0
            +---------+---------+-------+---------+---------+-------

Illustrated notes

Table legend:
 A = Kills in this place as a percentage of kills in entire the game.
 B = Kills by you in this place as a percentage of kills by you in the entire game.
 C = Kills by friends in this place as a percentage of kills by friends in the entire game.
 D = Other kills in this place as a percentage of other kills in the entire game.
 E = Experience gained in this place as a percentage of experience gained in the entire game.
 F = Experience gained in this place divided by the number of levels of this place that you have seen.
                   A       B       C       D       E      F
               +-------+-------+-------+-------+-------+----------------------
         Total | 100.0 | 100.0 |   N/A |   N/A | 100.0 |  40.7
       Dungeon | 100.0 | 100.0 |   N/A |   N/A | 100.0 |  40.7
               +-------+-------+-------+-------+-------+----------------------

Table legend: (Time is in decaauts)
 A = Elapsed time spent in this place.
 B = Non-inter-level travel time spent in this place.
 C = Inter-level travel time spent in this place.
 D = Time resting spent in this place.
 E = Time spent auto-exploring this place.
 F = Levels seen in this place.
 G = Mean time per level.
                   A        B        C        D        E       F      G
               +--------+--------+--------+--------+--------+-----+--------+
         Total |   1735 |   1715 |     20 |    205 |   1222 |   3 |  578.3 |
       Dungeon |   1735 |   1715 |     20 |    205 |   1222 |   3 |  578.3 |
               +--------+--------+--------+--------+--------+-----+--------+

Top non-repeatable levels by time:
     D:1: 822 daAuts
     D:2: 806 daAuts
     D:3: 106 daAuts
